Map: Eternal Empire LE

Players

llllllllllll (Trap) - Winner!

  • Race: Protoss Protoss
  • League: Master
  • Spawn Location: 7:00

INnoVation

  • Race: Terran Terran
  • League: Grandmaster
  • Spawn Location: 1:00

VOD

Have the link to the VOD?

Description

Time

  • Played on: Jan. 16, 2020, 7:06 a.m.
  • Length: 13:59
Show
View Real Time Build Order
Export as new Build Order

llllllllllll Protoss - Winner!

Build Orders: 1 Gate Expand, Blink Stalkers 

Get SALT Encoding   

  12  0:00  Probe  
  13  0:12  Probe  
  14  0:17  Pylon  
  14  0:24  Probe (Chrono Boost)  
  15  0:36  Probe (Chrono Boost), Gateway  
  16  0:44  Probe (Chrono Boost)  
  16  0:45  Assimilator  
  17  0:51  Probe  
  18  1:03  Probe  
  19  1:15  Probe  
  20  1:23  Nexus  
  20  1:32  Cybernetics Core  
  20  1:36  Probe  
  21  1:42  Assimilator  
  21  1:48  Probe  
  21  1:51  Pylon  
  22  2:00  Probe  
  23  2:06  Adept (Chrono Boost)  
  23  2:10  Warp Gate  
  23  2:12  Probe  
  26  2:19  Twilight Council  
  26  2:24  Probe  
  27  2:30  Stalker  
  27  2:36  Probe (Chrono Boost)  
  30  2:37  Probe (Chrono Boost)  
  31  2:47  Probe x2 (Chrono Boost)  
  33  2:51  Probe (Chrono Boost)  
  33  2:52  Probe (Chrono Boost)  
  33  2:54  Blink (Chrono Boost)  
  35  3:03  Probe x2  
  37  3:11  Robotics Facility  
  37  3:15  Probe  
  37  3:16  Probe  
  39  3:27  Probe  
  39  3:28  Probe  
  39  3:33  Pylon  
  41  3:39  Probe  
  41  3:40  Probe  
  43  3:43  Nexus  
  43  3:52  Gateway  
  43  3:54  Gateway  
  43  3:58  Stalker  
  43  3:59  Observer  
  43  4:01  Probe  
  47  4:03  Probe  
  47  4:07  Assimilator  
  48  4:10  Pylon  
  48  4:14  Probe  
  48  4:15  Probe  
  50  4:19  Pylon  
  50  4:22  Stalker  
  50  4:23  Observer  
  53  4:31  Probe  
  53  4:32  Probe, Forge  
  53  4:33  Pylon  
  55  4:39  Pylon  
  55  4:45  Observer (Chrono Boost)  
  56  4:47  Stalker  
  56  4:48  Stalker x2  
  56  4:51  Charge  
  62  4:53  Probe  
  62  4:55  Probe  
  62  4:56  Probe  
  65  5:03  Immortal (Chrono Boost)  
  69  5:09  Shield Battery  
  68  5:17  Stalker x2  
  68  5:20  Probe (Chrono Boost)  
  73  5:22  Probe (Chrono Boost)  
  73  5:25  Probe (Chrono Boost)  
  74  5:30  Probe x2 (Chrono Boost)  
  74  5:31  Stalker  
  74  5:33  Probe (Chrono Boost)  
  74  5:35  Probe, Assimilator  
  79  5:36  Probe, Assimilator  
  79  5:42  Shield Battery  
  81  5:45  Probe  
  81  5:47  Probe  
  81  5:48  Probe  
  83  5:53  Warp Prism (Chrono Boost)  
  85  5:57  Probe  
  85  5:59  Probe  
  85  6:00  Probe  
  85  6:03  Protoss Ground Armor Level 1 (Chrono Boost)  
  82  6:09  Probe, Stalker x3  
  89  6:11  Probe  
  89  6:12  Probe  
  89  6:14  Robotics Bay  
  89  6:16  Gateway  
  90  6:25  Shield Battery  
  90  6:27  Gateway, Observer (Chrono Boost)  
  90  6:29  Gateway  
  91  6:32  Gateway  
  91  6:35  Gateway  
  91  6:41  Zealot x3  
  97  6:47  Pylon  
  97  6:59  Nexus  
  97  7:00  Gravitic Drive (Chrono Boost)  
  97  7:02  Pylon x2  
  97  7:04  Colossus  
  103  7:11  Pylon  
  103  7:19  Sentry x2  
  103  7:20  Zealot x2  
  111  7:23  Zealot x2  
  111  7:25  Pylon  
  111  7:26  Zealot  
  111  7:28  Zealot  
  119  7:33  Forge  
  119  7:35  Probe x3  
  122  7:44  Protoss Ground Weapons Level 1 (Chrono Boost)  
  122  7:55  Colossus (Chrono Boost)  
  122  7:57  Pylon  
  118  7:59  Zealot x8  
  118  8:03  Protoss Ground Armor Level 2 (Chrono Boost)  
  132  8:14  Observer  
  132  8:16  Robotics Facility  
  132  8:17  Probe x3  
  133  8:26  Observer  
  133  8:31  Zealot x3  
  133  8:32  Zealot x5  
  149  8:41  Probe x3  
  149  8:42  Probe  
  149  8:44  Photon Cannon  
  149  8:45  Colossus (Chrono Boost)  
  153  8:56  Dark Shrine  
  153  9:02  Disruptor (Chrono Boost)  
  153  9:04  Observer  
  156  9:12  Pylon  
  156  9:15  Pylon x2  
  156  9:16  Pylon  
  156  9:21  Pylon, Unknown  
  156  9:28  Disruptor (Chrono Boost)  
  159  9:32  Disruptor (Chrono Boost)  
  159  9:35  Extended Thermal Lance  
  162  9:39  Zealot x4  
  162  9:40  Zealot x4  
  162  9:43  Gateway  
  162  9:44  Pylon  
  162  9:45  Gateway  
  178  9:48  Gateway  
  178  9:52  Protoss Ground Weapons Level 2 (Chrono Boost)  
  178  9:57  Disruptor (Chrono Boost)  
  181  10:00  Disruptor (Chrono Boost)  
  184  10:13  Shadow Stride  
  174  10:24  Protoss Ground Armor Level 3 (Chrono Boost)  
  174  10:25  Disruptor (Chrono Boost)  
  174  10:27  Disruptor (Chrono Boost)  
  177  10:34  Nexus  
  180  10:36  Stalker x3  
  180  10:37  Stalker x2  
  180  10:41  Nexus  
  180  10:42  Pylon  
  177  10:58  Disruptor (Chrono Boost)  
  177  11:01  Zealot x11  
  177  11:02  Disruptor (Chrono Boost)  
  161  11:18  Observer  
  119  11:28  Zealot x7  
  119  11:29  Zealot x4  
  119  11:31  Disruptor (Chrono Boost)  
  139  11:35  Warp Prism (Chrono Boost)  
  144  11:40  Observer  
  144  11:54  Sentry x2  
  144  11:55  Dark Templar x5  
  144  11:56  Zealot x4  
  144  11:57  Disruptor (Chrono Boost)  
  144  12:01  Disruptor (Chrono Boost)  
  172  12:25  Stalker x2  
  172  12:26  Zealot x2, Stalker x2  
  172  12:27  Zealot x4  
  182  12:53  Zealot x9  
  168  13:18  Stalker x11  
  148  13:45  Zealot, Stalker x5  
  148  13:46  Zealot x5  
Show
View Real Time Build Order
Export as new Build Order

INnoVation Terran 

Build Orders: Reaper Expand, Banshee Rush 

Get SALT Encoding   

  12  0:00  SCV  
  13  0:12  SCV  
  14  0:17  Supply Depot  
  14  0:24  SCV  
  15  0:38  SCV  
  15  0:39  Barracks  
  16  0:44  Refinery  
  16  0:51  SCV  
  17  1:03  SCV  
  18  1:15  SCV  
  19  1:27  Orbital Command  
  19  1:28  Reaper  
  20  1:49  Command Center  
  20  1:53  SCV  
  21  1:54  Supply Depot  
  21  2:00  Marine  
  22  2:05  SCV  
  23  2:08  Factory  
  23  2:13  Refinery  
  23  2:18  SCV  
  24  2:22  Barracks Reactor  
  24  2:23  Bunker  
  24  2:30  SCV  
  25  2:42  SCV  
  26  2:54  SCV, Starport  
  26  2:55  Factory Tech Lab  
  27  2:59  Marine x2  
  27  3:01  Orbital Command  
  29  3:06  SCV  
  29  3:17  Marine x2  
  29  3:18  SCV  
  32  3:28  SCV  
  32  3:30  SCV  
  34  3:35  Marine x2  
  34  3:38  Cloaking Field, Supply Depot, Banshee  
  34  3:40  SCV, Factory Tech Lab  
  40  3:42  SCV  
  41  3:53  Marine x2, SCV  
  41  3:54  SCV  
  45  3:59  Siege Tank  
  45  4:01  Supply Depot  
  48  4:03  Supply Depot  
  48  4:06  SCV x2  
  50  4:13  Marine x2  
  52  4:19  SCV x2  
  52  4:22  Banshee  
  57  4:31  SCV  
  57  4:32  SCV  
  57  4:35  Command Center  
  57  4:37  Marine x2  
  64  4:48  SCV, Supply Depot  
  64  4:50  SCV  
  68  5:01  SCV  
  68  5:02  SCV  
  65  5:07  Barracks  
  65  5:08  Raven  
  65  5:12  Refinery  
  65  5:13  SCV, Refinery  
  68  5:14  SCV, Barracks  
  68  5:16  Marine, Stimpack  
  68  5:20  Supply Depot  
  70  5:26  SCV x2  
  69  5:30  Engineering Bay  
  69  5:33  Engineering Bay  
  68  5:35  Marine  
  68  5:40  SCV x2  
  71  5:49  Orbital Command  
  68  5:52  SCV  
  68  5:54  Marauder  
  68  5:55  SCV  
  69  6:04  Marine x2, SCV, Starport Reactor, Factory Reactor  
  68  6:07  SCV  
  68  6:08  Terran Infantry Weapons Level 1, Terran Infantry Armor Level 1  
  70  6:12  Combat Shield  
  70  6:14  Orbital Command  
  70  6:16  SCV  
  71  6:22  Barracks  
  71  6:24  SCV  
  72  6:26  Barracks  
  72  6:28  SCV  
  73  6:33  Marine  
  73  6:34  Marine, Marauder x2  
  73  6:36  SCV  
  80  6:40  SCV  
  80  6:41  Medivac x2  
  80  6:45  SCV  
  90  6:48  SCV  
  90  6:52  Refinery  
  90  6:53  Refinery  
  84  6:56  SCV, Supply Depot  
  84  6:57  Concussive Shells, SCV  
  84  7:01  SCV  
  87  7:02  Marine x2, Marauder x2  
  87  7:04  Supply Depot  
  93  7:09  SCV  
  93  7:10  SCV  
  93  7:12  Barracks Tech Lab  
  93  7:13  SCV, Armory  
  93  7:14  Medivac  
  93  7:15  Medivac, Supply Depot  
  100  7:22  Supply Depot  
  99  7:24  SCV x2  
  99  7:25  SCV  
  99  7:26  Marine x2, Marauder x2  
  108  7:30  Factory Reactor  
  108  7:32  Marine x2  
  108  7:33  Starport  
  108  7:36  SCV, Supply Depot  
  111  7:42  Engineering Bay  
  111  7:45  Supply Depot, Marauder  
  111  7:46  Medivac  
  111  7:47  Medivac, Marauder  
  111  7:48  Marauder  
  111  7:51  Marine x4  
  124  8:02  Terran Infantry Armor Level 2  
  113  8:09  Marauder x3  
  113  8:10  Marine x4  
  121  8:21  Terran Infantry Weapons Level 2  
  121  8:22  SCV x2  
  119  8:31  SCV  
  119  8:34  SCV x2, Terran Ship Weapons Level 1  
  120  8:36  Missile Turret, Viking  
  120  8:41  Viking  
  125  8:45  Ghost Academy  
  125  8:49  SCV x2  
  125  8:50  SCV  
  125  8:53  Viking  
  76  8:55  Viking  
  131  9:04  SCV x3  
  131  9:08  Viking  
  131  9:09  Missile Turret  
  135  9:11  Supply Depot x2, Viking  
  137  9:18  Ghost x2  
  137  9:23  Viking  
  143  9:24  Ghost  
  143  9:25  Missile Turret, Viking  
  147  9:31  Supply Depot  
  147  9:33  Marine x2  
  147  9:34  Marine x2  
  147  9:35  Missile Turret  
  147  9:37  Liberator  
  151  9:41  Command Center  
  151  9:43  Missile Turret  
  151  9:54  Fusion Core  
  151  9:55  Marine  
  151  9:56  Marine x3  
  151  9:59  Enhanced Shockwaves  
  158  10:01  Marauder x3  
  164  10:11  Supply Depot x3  
  164  10:20  Terran Infantry Armor Level 3  
  164  10:22  Marauder x3  
  164  10:25  Marine x3  
  173  10:32  Marine  
  173  10:35  Supply Depot  
  174  10:37  Terran Infantry Weapons Level 3  
  173  10:46  Viking x3  
  176  10:59  Marine x3, Marauder x3  
  184  11:10  Liberator x2  
  146  11:19  Marine x3  
  146  11:21  Marauder x3  
  146  11:23  SCV x3  
  150  11:27  Advanced Ballistics  
  153  11:35  SCV x2  
  153  11:36  Planetary Fortress, Liberator  
  153  11:38  Liberator  
  154  11:42  Marauder x3  
  154  11:44  Unknown  
  160  11:50  Marine  
  160  11:51  Marine x3  
  163  11:56  Liberator  
  163  11:57  SCV x2  
  163  11:58  SCV  
  163  12:01  Liberator  
  169  12:07  Marauder  
  169  12:08  Marine x2, Marauder x2  
  175  12:09  Marine x2, SCV  
  186  12:33  Liberator x2  
  188  12:37  Marauder x3  
  188  12:43  Marine x4  
  177  12:59  Missile Turret  
  177  13:00  Supply Depot  
  177  13:01  Missile Turret  
  177  13:02  Sensor Tower  
  174  13:06  Command Center  
  128  13:14  Ghost x3  
  128  13:19  Marine x4  
  121  13:22  SCV x3  
  120  13:29  Missile Turret  
Tags
 
Add a new tag
Caveats
  • Supply blocks, unpowered buildings, or Contaminate may cause inaccurate times.
  • Supply counts are checked every 10 seconds.